 Dungeon Crawl Stone Soup version 0.30-a0-757-ga6a79fd877 (webtiles) character file.

Game seed: 741588554023115368

1283 drewk1942 the Fighter (level 8, -3/74 (78) HPs)
             Began as a Minotaur Fighter on Feb 8, 2023.
             Slain by a wight
             ... wielding a +0 great sword
              (4 damage)
             ... on level 6 of the Dungeon on Feb 9, 2023.
             The game lasted 00:05:05 (4035 turns).

drewk1942 the Fighter (Minotaur Fighter)            Turns: 4035, Time: 00:05:06

HP:   -3/74 (78)    AC: 12    Str: 23    XL:     8   Next: 29%
MP:   7/7           EV:  9    Int:  5    God:
Gold: 257           SH:  4    Dex: 10    Spells: 7/7 levels left

rFire   . . .      SeeInvis .    a - +0 war axe
rCold   . . .      Faith    .    c - +0 buckler
rNeg    . . .      Spirit   .    b - +0 scale mail
rPois   .          Reflect  .    h - +0 hat
rElec   .          Harm     .    (no cloak)
rCorr   .          Rampage  .    p - +1 pair of gloves
Will    .....                    u - +2 pair of boots Stlth
                                 (no amulet)
HPRegen 0.32/turn                (no ring)
MPRegen 0.10/turn                (no ring)

@: drained
A: horns 2, retaliatory headbutt
a: no special abilities


You were on level 6 of the Dungeon.
You visited 1 branch of the dungeon, and saw 6 of its levels.

You collected 296 gold pieces.
You spent 39 gold pieces at shops.

Inventory:

Hand Weapons
 a - a +0 war axe (weapon)
 t - a +1 scythe of freezing
Armour
 b - a +0 scale mail (worn)
 c - a +0 buckler (worn)
 h - a +0 hat (worn)
 p - a +1 pair of gloves (worn)
 u - a +2 pair of boots (worn)
 A - a +0 plate armour
Magical Staves
 l - a staff of air
Wands
 o - a wand of acid (7)
 s - a wand of flame (11) (quivered)
 y - a wand of digging (7)
Scrolls
 f - 5 scrolls of identify
 g - a scroll of enchant armour
 j - 4 scrolls of magic mapping
 x - a scroll of amnesia
Potions
 d - a potion of might
 e - a potion of haste
 i - a potion of brilliance {unknown}
 k - 2 potions of flight {unknown}
 m - 2 potions of degeneration {unknown}
 n - 2 potions of mutation {unknown}
 q - a potion of invisibility {unknown}
 r - 3 potions of curing
 v - a potion of lignification {unknown}
 w - a potion of resistance {unknown}
 z - a potion of experience {unknown}


   Skills:
 + Level 9.3 Fighting
 + Level 8.9 Axes
 - Level 3.6 Armour
 - Level 3.6 Shields


You had 7 spell levels left.
You didn't know any spells.
Your spell library contained the following spells:

 Spells                   Type           Power      Damage    Failure   Level
 Sandblast                Erth           0%         2d4       86%         1
 Passwall                 Tmut/Erth      0%         N/A       95%         2
 Frozen Ramparts          Ice            0%         1d1       99%         3
 Stone Arrow              Conj/Erth      0%         3d7       99%         3
 Ice Form                 Ice/Tmut       0%         N/A       100%        4
 Summon Ice Beast         Ice/Summ       0%         N/A       100%        4


Dungeon Overview and Level Annotations

Branches:
Dungeon (6/15)             Temple (0/1) D:5

Altars:
Vehumet

Shops:
D:5 !


Innate Abilities, Weirdness & Mutations

You have a pair of horns on your head.
You reflexively headbutt those who attack you in melee.


Message History

The orc wizard flickers and vanishes!
Deactivating autopickup; reactivate with Ctrl-A.
The wight hits you with a +2 dagger of electrocution. x2
Something hits you but does no damage. The wight hits you but does no damage.
You slash the wight!
You destroy the wight!
You barely miss the wight. You miss something.
The wight hits you with a +4 scimitar.
You feel drained. Something hits you but does no damage.
Your Fighting skill increases to level 9!
You slash the wight!
The wight is severely damaged.
You hit the wight. You slash something! You completely miss the wight.
The wight barely misses you.
The wight hits you but does no damage. x2
Something hits you but does no damage.
The wight hits you from afar with a +0 halberd!
You hit the wight. Your headbutt misses the wight.
The wight is almost destroyed.
You slash the wight! You hit something.
Reactivating autopickup.
You feel a bit more experienced.
You closely miss the wight. The wight hits you but does no damage.
The wight barely misses you. You furiously retaliate!
You headbutt the wight.
You destroy the wight!
You block the wight's attack. The wight hits you but does no damage.
Your life force feels restored.
You slash the wight!
You destroy the wight!
You barely miss the wight.
The wight hits you with a +0 great sword!
* * * LOW HITPOINT WARNING * * *
You feel drained.
* * * LOW HITPOINT WARNING * * *
You block the wight's attack.
You slash the wight! Your headbutt misses the wight.
The wight is heavily damaged.
The wight hits you with a +0 great sword!
* * * LOW HITPOINT WARNING * * *
You feel drained.
You die...

#..........##.... ..##.
##.....รท....(.... ...#.
#.........#.))...
.(...#####.......##)..>.
........###.....###.....
#................##.....
..................#.....
.?....)........#........
......)@.......##.......
......)z......#######...
.....z........#.# #...
.....##.#.......# ##..
..... #.#.......# #..#
#... ####......## #..#
... #.......####..# #.#
#..............
##............#


You could see 2 wights.

Vanquished Creatures
  Grinder (D:6)
  Sigmund (D:3)
  3 phantoms
  2 bullfrogs (D:6)
  A necrophage (D:6)
  A scorpion (D:6)
  3 wights (D:6)
  A jelly (D:5)
  A hound (D:6)
  3 iguanas
  An orc wizard (D:6)
  5 adders
  4 gnolls (D:6)
  A white imp (D:5)
  2 worms
  8 orcs
  5 ball pythons
  2 endoplasms
  A giant cockroach (D:2)
  6 goblins
  3 hobgoblins
  12 jackals
  A quokka (D:2)
  7 bats
  2 frilled lizards (D:2)
  5 kobolds
  3 rats
85 creatures vanquished.

Notes
Turn   | Place    | Note
-------+----------+-------------------------------------------
     0 | D:1      | drewk1942 the Minotaur Fighter began the quest for the Orb.
     0 | D:1      | Reached XP level 1. HP: 19/19 MP: 0/0
   553 | D:1      | Reached skill level 4 in Fighting
   565 | D:1      | Reached XP level 2. HP: 27/27 MP: 1/1
   938 | D:2      | Found a radiant altar of Vehumet.
   943 | D:2      | Found a faded altar of an unknown god.
  1094 | D:2      | Reached XP level 3. HP: 27/34 MP: 2/2
  2030 | D:3      | Noticed Sigmund
  2036 | D:3      | Killed Sigmund
  2037 | D:3      | Reached skill level 6 in Fighting
  2037 | D:3      | Reached skill level 5 in Axes
  2037 | D:3      | Reached XP level 4. HP: 27/44 MP: 3/3
  2037 | D:3      | Reached XP level 5. HP: 31/50 MP: 4/4
  2643 | D:4      | You fall into a shaft and drop 1 floor!
  2643 | D:5      | Entered Level 5 of the Dungeon
  2906 | D:5      | Found a staircase to the Ecumenical Temple.
  2959 | D:5      | Found Langean's Distillery.
  2980 | D:5      | Reached XP level 6. HP: 30/58 MP: 5/5
  3103 | D:5      | Bought a potion of curing for 39 gold pieces
  3575 | D:6      | Reached skill level 7 in Fighting
  3600 | D:6      | Noticed Grinder
  3606 | D:6      | Reached XP level 7. HP: 53/66 MP: 6/6
  3612 | D:6      | Paralysed by Grinder for 5 turns
  3630 | D:6      | Killed Grinder
  3631 | D:6      | Reached skill level 8 in Fighting
  3801 | D:6      | Upgraded the game from 0.30-a0-748-ge6a52f7cba to
                  | 0.30-a0-757-ga6a79fd877
  3877 | D:6      | Reached XP level 8. HP: 63/75 MP: 7/7
  4032 | D:6      | Reached skill level 9 in Fighting
  4035 | D:6      | HP: 1/77 [wight/+0 great sword (17)]
  4035 | D:6      | Slain by a wight

Illustrated notes

Levels and vault maps discovered:
D:1:      minmay_arrival_hallway, layout_basic
D:2:      minmay_general_purpose_star, layout_loops_corners, basic_altar,
          hellmonk_ecumenical_altar_dog_temple
D:3:      layout_loops_ring, uniq_sigmund
D:4:      layout_loops_ring
D:5:      layout_cave_pods, minmay_temple_entry_from_below_b, serial_shops,
          shop_fountains
D:6:      layout_cave_pools, guppyfry_shop_venom, uniq_grinder

Skill      XL: |  1  2  3  4  5  6  7  8 |
---------------+-------------------------+-----
Fighting       | 4 6 7 8 9 |  9.3
Axes           | 3 5 6 8 |  8.9
Armour         | |  3.6
Shields        | |  3.6

Action                     |  1- 3 |  4- 6 |  7- 9 || total
---------------------------+-------+-------+-------++-------
  Melee: War axe           |    77 |    70 |    48 ||   195
         Headbutt          |     8 |     9 |     9 ||    26
  Evoke: Wand              |       |       |    11 ||    11
    Use: Potion            |     1 |       |     1 ||     2
         Scroll            |       |     7 |     1 ||     8
 Armour: Scale mail        |    35 |    38 |    38 ||   111
  Dodge: Dodged            |    47 |    36 |    20 ||   103
  Block: Buckler           |    23 |    20 |    11 ||    54

Table legend: (Time is in decaauts)
 A = Elapsed time spent in this place.
 B = Non-inter-level travel time spent in this place.
 C = Inter-level travel time spent in this place.
 D = Time resting spent in this place.
 E = Time spent auto-exploring this place.
 F = Levels seen in this place.
 G = Mean time per level.
                   A        B        C        D        E       F      G
               +--------+--------+--------+--------+--------+-----+--------+
         Total |   4069 |   3878 |    191 |     94 |   3226 |   6 |  678.2 |
       Dungeon |   4069 |   3878 |    191 |     94 |   3226 |   6 |  678.2 |
               +--------+--------+--------+--------+--------+-----+--------+

Top non-repeatable levels by time:
     D:2: 1127 daAuts
     D:5: 890 daAuts
     D:1: 789 daAuts
     D:3: 678 daAuts
     D:6: 501 daAuts
     D:4: 82 daAuts
